 Dungeon Crawl Stone Soup version 0.21.0-24-g2553a33 (webtiles) character file.

2465 Mgcat the Cleaver (level 9, -7/72 HPs)
             Began as a Demonspawn Wanderer on Jan 19, 2018.
             Mangled by Duvessa
             ... wielding a +0 rapier
              (19 damage)
             ... on level 7 of the Dungeon.
             The game lasted 00:16:41 (8120 turns).

Mgcat the Cleaver (Demonspawn Wanderer)             Turns: 8120, Time: 00:16:42

Health: -7/72      AC: 13    Str: 14    XL:     9   Next: 26%
Magic:  9/9        EV: 11    Int: 14    God:
Gold:   306        SH:  0    Dex: 14    Spells: 8/8 levels left

rFire    . . .     SeeInvis .   C - +3 morningstar (freeze)
rCold    . . .     Gourm    .   (no shield)
rNeg     . . .     Faith    .   w - +1 leather armour of Vaxt {+Inv Stlth+}
rPois    .         Spirit   .   (helmet restricted)
rElec    .         Reflect  .   (no cloak)
rCorr    .         Harm     .   (no gloves)
MR       .....                  (no boots)
Stlth    ++........             (no amulet)
HPRegen  0.22/turn              (no ring)
MPRegen  0.11/turn              (no ring)

@: sanguine armour
A: antennae 2, spiny 2, sanguine armour 2
a: Evoke Invisibility


You were on level 7 of the Dungeon.
You were not hungry.

You visited 2 branches of the dungeon, and saw 8 of its levels.
You also visited: Sewer.

You collected 306 gold pieces.

Inventory:

Hand Weapons
 s - a +0 war axe
 v - a +0 blowgun
 C - a +3 morningstar of freezing (weapon)
Missiles
 A - 5 poisoned needles
Armour
 e - a +1 ring mail
 w - the +1 leather armour of Vaxt (worn) {+Inv Stlth+}
   (You found it on level 5 of the Dungeon)

   It lets you turn invisible.
   It makes you more stealthy.
Jewellery
 d - an uncursed ring of protection from cold {unknown}
 g - an uncursed ring of flight {unknown}
 i - an uncursed ring of ice {unknown}
 u - a cursed ring of loudness {unknown}
 y - an uncursed amulet of faith {unknown}
 z - an uncursed ring of fire {unknown}
 I - a cursed ring of teleportation {unknown}
Wands
 a - a wand of enslavement (9)
 l - a wand of iceblast (10)
 r - a wand of flame (53)
Scrolls
 h - 6 scrolls of identify
 k - a scroll of enchant armour
 H - a scroll of remove curse
Potions
 j - 4 potions of curing
 m - 2 potions of brilliance {unknown}
 n - 2 potions of agility {unknown}
 o - 4 potions of heal wounds {unknown}
 p - 4 potions of might {unknown}
 q - a potion of magic {unknown}
 t - a potion of ambrosia {unknown}
 x - a potion of haste {unknown}
 B - a potion of mutation {unknown}
 G - a potion of lignification {unknown}
Books
 b - the Grimoire of Creation

   Spells                             Type                      Level
   a - Summon Small Mammal            Summoning                    1
   b - Recall                         Summoning/Translocation      3
 c - Kikubaaqudgha's Tome of Dark Magic

   Spells                             Type                      Level
   a - Corpse Rot                     Necromancy                   2
   b - Sublimation of Blood           Necromancy                   2
 E - a book of Misfortune

   Spells                             Type                      Level
   a - Confusing Touch                Hexes                        1
   b - Confuse                        Hexes                        3
   c - Gell's Gravitas                Translocation                3
   d - Petrify                        Transmutation/Earth          4
   e - Metabolic Englaciation         Hexes/Ice                    5
   f - Yara's Violent Unravelling     Hexes/Transmutation          5
 F - Kikubaaqudgha's Collected Works on Stolen Souls
   (You found it on level 7 of the Dungeon)

   Spells                             Type                      Level
   a - Pain                           Necromancy                   1
 J - Qepooghi's Collected Works on Dislocated Ice
   (You found it on level 7 of the Dungeon)

   Spells                             Type                      Level
   a - Throw Frost                    Conjuration/Ice              2
   b - Gell's Gravitas                Translocation                3
   c - Teleport Other                 Translocation                3
   d - Ice Form                       Ice/Transmutation            4
   e - Controlled Blink               Translocation                8
Comestibles
 f - 13 rations
 D - 10 chunks of flesh


   Skills:
 + Level 7.1 Fighting
 + Level 8.3(8.4) Axes
 - Level 1.2(5.3) Maces & Flails
 - Level 1.0 Throwing
 - Level 4.1 Armour
 - Level 1.0 Dodging
   Level 2.0 Conjurations
   Level 3.2 Necromancy
 - Level 1.0 Evocations


You had 8 spell levels left.
You didn't know any spells.

Dungeon Overview and Level Annotations

Branches:
Dungeon (7/15)             Temple (1/1) D:5

Altars:
Ashenzari
Cheibriados
Dithmenos
Fedhas
Gozag
Hepliaklqana
Kikubaaqudgha
Makhleb
Nemelex Xobeh
Okawaru
Qazlal
Sif Muna
Uskayaw
Vehumet
Wu Jian
Xom
Yredelemnul
Zin
The Shining One

Annotations:
D:7 Duvessa


Innate Abilities, Weirdness & Mutations

You have a pair of antennae on your head.
You are mostly covered in sharp spines.
When seriously injured, your bleeding wounds create thick armour. (AC +9)


Message History

Your blood congeals into armour.
A goblin comes into view. It is wielding a hand axe.
You barely miss Duvessa.
Duvessa is moderately wounded.
You hear the steady creaking of a portcullis nearby.
Duvessa hits you but does no damage. Duvessa is struck by your spines.
Duvessa barely misses you.
You hit Duvessa but do no damage.
Duvessa is moderately wounded.
Duvessa hits you with a rapier! x2
A goblin comes into view. It is wielding a hand axe.
You hit Duvessa. You freeze Duvessa.
Duvessa is heavily wounded.
Duvessa hits you with a rapier. Duvessa is struck by your spines.
Duvessa hits you with a rapier.
* * * LOW HITPOINT WARNING * * *
Duvessa hits you with a rapier.
* * * LOW HITPOINT WARNING * * *
Duvessa is struck by your spines. Duvessa hits you with a rapier!!
You die...

..###'###..##..'.....#
..###.###..##..#.....+
..#....#...##..#.....#
..+....#....)..#.....#
..##..##...##..#.....#
..##..##...##..#.....#
.......#.......#.....#
.......#.......#.....#
.......#.......#@....#
..##.###...##..#.e...#
########...##..#.....#
#......#..#...g.#+##
#......#..#.....#..##.≈#
##....##..#.....g)..g.≈≈
#....##..#.....#.......
#......#..#.....#.......
#......#..#.....#.......


You could see Duvessa (berserk) and 2 goblins.

Vanquished Creatures
  An orc warrior (D:7)
  2 ice beasts
  3 sky beasts
  A black bear (D:7)
  A phantom (D:4)
  7 big kobolds (Sewer)
  3 bullfrogs
  Dowan (D:7)
  5 wights (D:6)
  2 jellies
  4 orc priests
  3 centaur skeletons
  2 hounds
  5 orc wizards
  Natasha (D:3)
  2 worker ants
  A worker ant zombie (D:5)
  7 adders
  A howler monkey skeleton (D:5)
  A river rat (Sewer)
  3 shadow imps
  2 oozes
  An adder zombie (D:5)
  9 worms
  3 dart slugs (D:1)
  4 leopard geckos
  20 orcs
  2 ball pythons (Sewer)
  9 giant cockroaches
  9 goblins
  5 hobgoblins
  8 jackals
  3 quokkas
  13 bats
  3 frilled lizards
  13 kobolds
  A quokka zombie (D:5)
  9 rats
170 creatures vanquished.

Notes
Turn   | Place    | Note
-------+----------+-------------------------------------------
     0 | D:1      | Mgcat the Demonspawn Wanderer began the quest for the Orb.
     0 | D:1      | Mgcat set off with: a +2 spear, the Grimoire of Creation, Kikubaaqudgha's Tome of Dark Magic, a +0 robe, a ration
     0 | D:1      | Reached XP level 1. HP: 16/16 MP: 1/1
     0 | D:1      | Identified the Grimoire of Creation
     0 | D:1      | Identified Kikubaaqudgha's Tome of Dark Magic
   107 | D:1      | Gained mutation: You have a pair of small antennae on your head. [demonic ancestry]
   107 | D:1      | Reached XP level 2. HP: 23/23 MP: 2/2
   418 | D:1      | Gained mutation: You are partially covered in sharp spines. [demonic ancestry]
   418 | D:1      | Reached XP level 3. HP: 27/29 MP: 3/3
   802 | D:2      | Found a snail-covered altar of Cheibriados.
   839 | D:2      | Found a burning altar of Makhleb.
  1141 | D:2      | Gained mutation: When seriously injured, your bleeding wounds create armour. (AC +9) [demonic ancestry]
  1141 | D:2      | Reached XP level 4. HP: 38/38 MP: 4/4
  1504 | D:3      | Reached skill level 1 in Armour
  1819 | D:3      | Noticed Natasha
  1829 | D:3      | Killed Natasha
  1829 | D:3      | Gained mutation: You have a pair of antennae on your head. [demonic ancestry]
  1829 | D:3      | Reached XP level 5. HP: 35/43 MP: 5/5
  1915 | D:3      | Reached skill level 5 in Fighting
  1942 | D:3      | Reached skill level 1 in Maces & Flails
  2198 | D:3      | Reached XP level 6. HP: 35/51 MP: 6/6
  2458 | D:3      | Reached skill level 1 in Axes
  2810 | D:4      | Found an iron altar of Okawaru.
  2960 | D:4      | Reached skill level 2 in Axes
  3198 | D:4      | Gained mutation: When seriously injured, your bleeding wounds create thick armour. (AC +9) [demonic ancestry]
  3198 | D:4      | Reached XP level 7. HP: 33/57 MP: 7/7
  3473 | D:5      | Entered Level 5 of the Dungeon
  3619 | D:5      | Found a radiant altar of Vehumet.
  3680 | D:5      | Found a staircase to the Ecumenical Temple.
  3700 | Temple   | Entered the Ecumenical Temple
  3985 | D:5      | Reached skill level 3 in Axes
  4172 | D:5      | Found a blossoming altar of Fedhas.
  4375 | D:5      | Found a sparkling altar of Nemelex Xobeh.
  4712 | D:5      | Got a distressingly furry leather armour
  4723 | D:5      | Identified the cursed +1 leather armour of Vaxt {+Inv Stlth+} (You found it on level 5 of the Dungeon)
  4826 | D:6      | Reached skill level 4 in Axes
  4826 | D:6      | Reached XP level 8. HP: 37/65 MP: 8/8
  5112 | D:6      | Found a glowing drain.
  5138 | Sewer    | Entered a sewer
  5178 | Sewer    | Reached skill level 5 in Axes
  5850 | Sewer    | Reached skill level 6 in Axes
  6469 | D:6      | Reached skill level 7 in Axes
  6877 | D:6      | Found a basalt altar of Yredelemnul.
  7213 | D:6      | Gained mutation: You are mostly covered in sharp spines. [demonic ancestry]
  7213 | D:6      | Reached XP level 9. HP: 41/71 MP: 9/9
  7775 | D:7      | Found a radiant altar of Vehumet.
  7779 | D:7      | Found an ancient bone altar of Kikubaaqudgha.
  7780 | D:7      | Found a deep blue altar of Sif Muna.
  7785 | D:7      | Identified Kikubaaqudgha's Collected Works on Stolen Souls
  7868 | D:7      | Reached skill level 8 in Axes
  7874 | D:7      | Identified Qepooghi's Collected Works on Dislocated Ice
  8109 | D:7      | Noticed Duvessa
  8109 | D:7      | Noticed Dowan
  8111 | D:7      | Killed Dowan
  8120 | D:7      | Mangled by Duvessa

Skill      XL: |  1  2  3  4  5  6  7  8  9 |
---------------+----------------------------+-----
Fighting       | 3 4 5 6 7 |  7.1
Armour         | 1 2 3 4 |  4.1
Maces & Flails | 1 |  1.2
Axes           | 2 4 7 8 |  8.3
Throwing       | |  1.0
Dodging        | |  1.0
Conjurations   | |  2.0
Necromancy     | |  3.2
Evocations     | |  1.0

Action                   |  1- 3 |  4- 6 |  7- 9 || total
-------------------------+-------+-------+-------++-------
Melee: Spear             |   113 |   154 |       ||   267
       War axe           |       |    17 |   225 ||   242
       Morningstar       |       |       |    35 ||    35
 Fire: Blowgun           |       |       |     5 ||     5
  Use: Scroll            |       |     3 |     4 ||     7
       Potion            |       |     1 |       ||     1
 Stab: Sleeping          |       |       |     6 ||     6
  Eat: Chunk             |     1 |     7 |    12 ||    20
       Ration            |       |       |     1 ||     1
Armor: Robe              |     7 |       |       ||     7
       Ring mail         |    35 |    57 |    33 ||   125
       Leather armour    |       |       |    42 ||    42
Dodge: Dodged            |    39 |    65 |    91 ||   195
